 Dungeon Crawl Stone Soup version 0.29-a0-757-g358383bc75 (webtiles) character file.

Game seed: 8215426669405501578

3290 CrueltySquad the Severer (level 10, -4/117 HPs)
             Began as a Hill Orc Fighter on June 30, 2022.
             Slain by a two-headed ogre
             ... wielding a +0 giant club
              (17 damage)
             ... on level 8 of the Dungeon.
             The game lasted 00:18:10 (9024 turns).

CrueltySquad the Severer (Hill Orc Fighter)         Turns: 9024, Time: 00:18:11

Health: -4/117     AC:  9    Str: 24    XL:     10   Next: 1%
Magic:  10/10      EV: 11    Int:  8    God:
Gold:   641        SH:  0    Dex: 10    Spells: 9/9 levels left

rFire   . . .      SeeInvis .   B - +5 hand axe
rCold   . . .      Faith    .   A - orb {*Rage}
rNeg    . . .      Spirit   .   m - +0 steam dragon scales
rPois   .          Reflect  .   l - +0 helmet
rElec   .          Harm     .   (no cloak)
rCorr   .          Rampage  .   g - +1 pair of gloves
Will    .....      Rage     20% (no boots)
Stlth   ..........              (no amulet)
HPRegen 0.29/turn               (no ring)
MPRegen 0.12/turn               (no ring)

@: berserking, very quick
A: no striking features
a: no special abilities


You were on level 8 of the Dungeon.
You visited 1 branch of the dungeon, and saw 8 of its levels.

You collected 641 gold pieces.

Inventory:

Hand Weapons
 a - a +0 war axe of chaos
 d - a +3 dagger
 s - the +7 battleaxe "Tiesobleps" {freeze, rC++ rCorr}
   (You acquired it on level 7 of the Dungeon)

   It freezes those it strikes, dealing additional cold damage.
   It can also slow down cold-blooded creatures.
   rC:        It greatly protects you from cold.
   rCorr:     It protects you from acid and corrosion.
 B - a +5 hand axe (weapon)
Missiles
 y - a throwing net (quivered)
Armour
 b - a +0 scale mail
 g - a +1 pair of gloves (worn)
 l - a +0 helmet (worn)
 m - +0 steam dragon scales (worn)
 A - an orb of wrath (worn)
Jewellery
 j - an amulet of reflection
 v - a +4 ring of evasion
 w - an amulet of the acrobat
Wands
 k - a wand of flame (51)
 t - a wand of polymorph (7)
Scrolls
 c - a scroll of noise
 h - a scroll of silence
 n - 2 scrolls of amnesia
 q - a scroll of immolation
 r - 2 scrolls of identify
 x - a scroll of vulnerability {unknown}
Potions
 e - a potion of cancellation
 f - 2 potions of degeneration
 i - 2 potions of curing
 o - a potion of mutation
 p - a potion of ambrosia
 u - 2 potions of attraction
 z - a potion of flight {unknown}


   Skills:
 - Level 4.0 Fighting
 * Level 17.1 Axes
 - Level 4.0 Armour
 - Level 0.2 Dodging
 - Level 3.6 Shields


You had 9 spell levels left.
You didn't know any spells.
Your spell library contained the following spells:

 Spells                   Type           Power      Damage    Failure   Level
 Magic Dart               Conj           0%         1d3       41%         1
 Shock                    Conj/Air       0%         1d3       41%         1
 Ignite Poison            Fire/Tmut/Pois 0%         N/A       78%         3
 Portal Projectile        Hex/Tloc       0%         N/A       78%         3
 Stone Arrow              Conj/Erth      0%         3d7       78%         3
 Tukima's Dance           Hex            0%         N/A       78%         3
 Leda's Liquefaction      Hex/Erth       0%         N/A       99%         4
 Blade Hands              Tmut           0%         N/A       100%        5
 Iron Shot                Conj/Erth      0%         9d1       100%        6
 Shatter                  Erth           0%         3d5*      100%        9


Dungeon Overview and Level Annotations

Branches:
Dungeon (8/15)             Temple (0/1) D:4
   Lair: D:8-11

Altars:
Fedhas
Gozag
Ru
Sif Muna
Trog

Shops:
D:4 *!(:!


Message History

You slash the shadow imp!
You kill the shadow imp!
You recover from your berserk rage.
x - a scroll labelled ORAESIV VUTAIS You now have 641 gold pieces (gained 17).
Found 2 stones.
A two-headed ogre comes into view.
It is wielding a +0 giant club and a +0 giant spiked club.
The two-headed ogre shouts in stereo!
Okay, then.
Okay, then.
You hit the two-headed ogre.
The two-headed ogre is lightly wounded.
The two-headed ogre barely misses you.
The two-headed ogre hits you with a +0 giant spiked club.
You barely miss the two-headed ogre.
The two-headed ogre is lightly wounded.
You hit the two-headed ogre.
The two-headed ogre is lightly wounded.
The two-headed ogre hits you with a +0 giant club!!
The two-headed ogre hits you with a +0 giant spiked club!!
You hit the two-headed ogre.
The two-headed ogre is lightly wounded.
A red film seems to cover your vision as you go berserk!
You feel yourself moving faster!
You feel mighty!
You slash the two-headed ogre!
The two-headed ogre is moderately wounded.
You closely miss the two-headed ogre.
The two-headed ogre is moderately wounded.
The two-headed ogre hits you with a +0 giant club!!
* * * LOW HITPOINT WARNING * * *
The two-headed ogre barely misses you.
You slash the two-headed ogre!
The two-headed ogre is heavily wounded.
You barely miss the two-headed ogre.
The two-headed ogre is heavily wounded.
You slice the two-headed ogre!!
The two-headed ogre is almost dead.
The two-headed ogre completely misses you.
The two-headed ogre hits you with a +0 giant spiked club!
You die...

## . .# ## .. .# ##+# ..
.###.# ##... #. ...###
##.... #.###..#.##
##.....
##.##.........####.....<
......?.................
...###.@................
#O##.#..####.#.).|. #.
#.#.### #.##.... #.
#.....# #.###...
...(...#.###.####'#
######.#........#.#
#.......##.#.#
###..#####.#.#
######..#####....


You could see a two-headed ogre.

Vanquished Creatures
  A mana viper (shapeshifter) (D:7)
  3 steam dragons (D:7)
  2 water moccasins
  2 sky beasts
  2 black bears
  2 ice beasts (D:7)
  2 ogres
  A centaur (D:7)
  A phantom (D:5)
  3 bullfrogs
  2 scorpions
  2 necrophages
  5 wights (D:7)
  A howler monkey (D:6)
  A hound (D:6)
  A jelly (D:5)
  2 gnoll shamans
  Jessica (D:2)
  3 iguanas
  6 orc wizards
  15 gnolls
  5 adders
  2 shadow imps
  2 white imps
  3 ufetubi
  3 worms
  A dart slug (D:4)
  15 orcs
  6 ball pythons
  4 bats
  4 endoplasms
  2 giant cockroaches
  5 goblins
  3 hobgoblins
  4 jackals (D:2)
  3 quokkas
  2 frilled lizards
  6 kobolds
  6 rats
134 creatures vanquished.

Notes
Turn   | Place    | Note
-------+----------+-------------------------------------------
     0 | D:1      | CrueltySquad the Hill Orc Fighter began the quest for the
                  | Orb.
     0 | D:1      | Reached XP level 1. HP: 19/19 MP: 1/1
   405 | D:1      | Reached XP level 2. HP: 9/27 MP: 2/2
   702 | D:1      | Reached skill level 3 in Axes
   884 | D:1      | Found a faded altar of an unknown god.
  1050 | D:1      | Got the Papyrus of Toxic Attacks
  1282 | D:2      | Reached XP level 3. HP: 17/33 MP: 3/3
  1644 | D:2      | Noticed Jessica
  1654 | D:2      | Killed Jessica
  1655 | D:2      | Reached skill level 4 in Axes
  1655 | D:2      | Reached XP level 4. HP: 20/40 MP: 4/4
  2372 | D:3      | Found an opulent altar of Gozag.
  2832 | D:4      | Noticed a bullfrog
  2832 | D:4      | Found Wone's Distillery.
  2893 | D:4      | Found a bloodstained altar of Trog.
  2893 | D:4      | Found Sozy's Weapon Emporium.
  3092 | D:4      | Reached skill level 5 in Axes
  3098 | D:4      | Killed a bullfrog
  3099 | D:4      | Reached skill level 6 in Axes
  3099 | D:4      | Reached XP level 5. HP: 40/46 MP: 5/5
  3303 | D:3      | Reached skill level 7 in Axes
  3303 | D:3      | Reached XP level 6. HP: 16/52 MP: 6/6
  3647 | D:4      | Found Zuamupni's Distillery.
  3685 | D:4      | Found Cufuwes's Assorted Antiques.
  3718 | D:4      | Got Idwycwe's Incunabulum of the Mountains
  3879 | D:4      | Found a staircase to the Ecumenical Temple.
  3963 | D:4      | Reached skill level 8 in Axes
  3965 | D:4      | Found Woquhe's Book Emporium.
  4048 | D:5      | Entered Level 5 of the Dungeon
  4228 | D:4      | Reached skill level 9 in Axes
  4228 | D:4      | Reached XP level 7. HP: 29/59 MP: 7/7
  4617 | D:5      | Reached skill level 10 in Axes
  5158 | D:6      | Reached XP level 8. HP: 56/66 MP: 8/8
  5322 | D:6      | Reached skill level 11 in Axes
  5589 | D:6      | Reached skill level 12 in Axes
  6148 | D:7      | Found a sacrificial altar of Ru.
  6197 | D:7      | Reached skill level 13 in Axes
  6311 | D:7      | Noticed a glowing shapeshifter
  6311 | D:7      | an orc changed into a glowing shapeshifter
  6311 | D:7      | Noticed a shock serpent
  6311 | D:7      | a glowing shapeshifter changed into a shock serpent
  6313 | D:7      | Noticed a slime creature
  6313 | D:7      | a shock serpent changed into a slime creature
  6316 | D:7      | Noticed a steelbarb worm
  6316 | D:7      | a slime creature changed into a steelbarb worm
  6317 | D:7      | Identified a scroll of acquirement
  6317 | D:7      | Acquired the +7 battleaxe "Tiesobleps" {freeze, rC++ rCorr}
  6318 | D:7      | a steelbarb worm changed into a redback
  6319 | D:7      | Noticed a jumping spider
  6319 | D:7      | a redback changed into a jumping spider
  6341 | D:7      | Found a shimmering blue altar of Sif Muna.
  6413 | D:7      | Noticed a cyclops
  6415 | D:7      | Noticed a mana viper
  6415 | D:7      | a cyclops changed into a mana viper
  6421 | D:7      | Killed a mana viper
  6422 | D:7      | Reached skill level 14 in Axes
  6422 | D:7      | Reached XP level 9. HP: 24/71 MP: 0/9
  6740 | D:7      | HP: 3/67 [wight/+5 battleaxe (17)]
  7221 | D:7      | Found a blossoming altar of Fedhas.
  7240 | D:7      | Reached skill level 15 in Axes
  7518 | D:7      | Reached skill level 16 in Axes
  8356 | D:7      | Reached skill level 17 in Axes
  8601 | D:7      | Reached XP level 10. HP: 78/78 MP: 10/10
  9014 | D:8      | Noticed a two-headed ogre
  9024 | D:8      | Slain by a two-headed ogre

Illustrated notes

Levels and vault maps discovered:
D:1:      dpeg_arrival_subterranean_lakeside_camping, layout_loops_ring,
          chequers_ecumenical_altar_twisty
D:2:      layout_rooms, uniq_jessica
D:3:      layout_basic, overflow_temple_1_default
D:4:      layout_gridville, overflow_temple_1_default, minmay_temple_entry_hall,
          serial_shops, nicolae_shop_waterfront,
          nicolae_shop_competitors_out_of_business, nicolae_shop_trees,
          nicolae_shop_hallway_plus, nicolae_shop_competitors_out_of_business
D:5:      layout_gridville, kennysheep_small_square
D:6:      layout_loops_ring, dreamdust_wishing_well
D:7:      cheibrodos_steamvent, layout_loops_ring, fedhas_altar_2,
          mainiacjoe_overflow_24_doors, hangedman_ru_absence
D:8:      layout_loops_corners, yredelemnul_altar_generic, old_standard_altar,
          david_lair_shrubbed, serial_aquarium, aquarium_bridge_square
          [aquarium_subvault_bridge, aquarium_subvault_window,
          aquarium_subvault_wall, aquarium_subvault_bridge],
          aquarium_bridge_long_separate [aquarium_subvault_wall,
          aquarium_subvault_bridge, aquarium_subvault_bridge,
          aquarium_subvault_wall, aquarium_subvault_bridge,
          aquarium_subvault_bridge], aquarium_window_1, aquarium_window_fake,
          aquarium_view_2f, ebering_dispersal_statue_hall, uniq_grum

Skill      XL: |  1  2  3  4  5  6  7  8  9 |
---------------+----------------------------+-----
Axes           | 3 4 6 7 9 10 14 17 | 17.1
Fighting       | 4 |  4.0
Armour         | 4 |  4.0
Dodging        | |  0.2
Shields        | |  3.6

Action                   |  1- 3 |  4- 6 |  7- 9 | 10-12 || total
-------------------------+-------+-------+-------+-------++-------
Melee: War axe           |   101 |   130 |   113 |       ||   344
       Battleaxe         |       |       |    67 |       ||    67
       Hand axe          |       |       |    18 |    18 ||    36
  Use: Scroll            |     1 |     8 |    11 |     1 ||    21
       Potion            |     1 |     1 |     6 |     1 ||     9
Armor: Scale mail        |    50 |    81 |    67 |       ||   198
       Steam dragon scal |       |       |     5 |    10 ||    15
Dodge: Dodged            |    53 |    71 |    98 |    23 ||   245
Block: Buckler           |    22 |    24 |    18 |       ||    64

Table legend: (Time is in decaauts)
 A = Elapsed time spent in this place.
 B = Non-inter-level travel time spent in this place.
 C = Inter-level travel time spent in this place.
 D = Time resting spent in this place.
 E = Time spent auto-exploring this place.
 F = Levels seen in this place.
 G = Mean time per level.
                   A        B        C        D        E       F      G
               +--------+--------+--------+--------+--------+-----+--------+
         Total |   9110 |   8930 |    180 |   1548 |   5650 |   8 | 1138.8 |
       Dungeon |   9110 |   8930 |    180 |   1548 |   5650 |   8 | 1138.8 |
               +--------+--------+--------+--------+--------+-----+--------+

Top non-repeatable levels by time:
     D:7: 2766 daAuts
     D:3: 1316 daAuts
     D:1: 1292 daAuts
     D:6: 977 daAuts
     D:4: 931 daAuts
     D:5: 872 daAuts
     D:2: 802 daAuts
     D:8: 150 daAuts
